 Dungeon Crawl Stone Soup version 0.25-a0-713-g4845790 (webtiles) character file.

Game seed: 1348623044915279099, levelgen mode: deterministic

10 BlueFish the Magician (level 2, 0/20 HPs)
             Began as a Mummy Wizard on Apr 6, 2020.
             Slain by a hobgoblin
             ... wielding a +0 club
              (5 damage)
             ... on level 1 of the Dungeon.
             The game lasted 00:01:03 (417 turns).

BlueFish the Magician (Mummy Wizard)                 Turns: 417, Time: 00:01:04

Health: 0/20       AC:  2    Str: 10    XL:     2   Next: 10%
Magic:  5/7        EV: 12    Int: 17    God:
Gold:   22         SH:  0    Dex: 10    Spells: 8/9 levels left

rFire    x . .     SeeInvis .   d - +0 short sword
rCold    + . .     Gourm    .   (no shield)
rNeg     + + +     Faith    .   a - +0 robe
rPois    ∞         Spirit   .   b - +0 hat
rElec    .         Reflect  .   (no cloak)
rCorr    .         Harm     .   (no gloves)
MR       .....                  (no boots)
Stlth    ++........             (no amulet)
HPRegen  0.06/turn              (no ring)
MPRegen  0.10/turn              (no ring)

@: no status effects
A: no food or potions, fire vulnerability, cold resistance 1, negative energy
resistance 3, torment resistance, unbreathing
a: no special abilities


You were on level 1 of the Dungeon.
You were not hungry.

You visited 1 branch of the dungeon, and saw 1 of its levels.

You collected 22 gold pieces.

Inventory:

Hand Weapons
 d - a +0 short sword (weapon)
Armour
 a - a +0 robe (worn)
 b - a +0 hat (worn)
Scrolls
 c - 2 scrolls of identify {unknown}
 e - a scroll of fear {unknown}
 f - a scroll of remove curse {unknown}


   Skills:
 * Level 0.6 Fighting
 * Level 2.0 Dodging
 * Level 1.5 Stealth
 * Level 4.1 Spellcasting
 + Level 0.7 Conjurations
   Level 0.7 Summonings
   Level 0.7 Translocations


You had 8 spell levels left.
You knew the following spells:

 Your Spells              Type           Power        Failure   Level  Hunger
a - Magic Dart            Conj           #...         12%         1    N/A

Your spell library contained the following spells:

 Spells                   Type           Power        Failure   Level  Hunger
 Blink                    Tloc           N/A          17%         2    N/A
 Call Imp                 Summ           #.......     17%         2    N/A
 Slow                     Hex            #.......     24%         2    N/A
 Conjure Flame            Conj/Fire      #.......     38%         3    N/A
 Mephitic Cloud           Conj/Pois/Air  #.......     38%         3    N/A

Dungeon Overview and Level Annotations

Branches:
Dungeon (1/15)

Altars:


Innate Abilities, Weirdness & Mutations

You do not eat or drink.
Your flesh is vulnerable to fire.
You are immune to poison.
Your flesh is cold resistant. (rC+)
You are immune to negative energy. (rN+++)
You are immune to unholy pain and torment.
You can survive without breathing.


Message History

Press: ? - help, Shift-Dir - straight line, f/p - hobgoblin
Aim: a hobgoblin, wielding a +0 club (heavily wounded)
The magic dart hits the hobgoblin.
The hobgoblin is severely wounded.
The kobold throws a stone.
The stone hits you.
An ooze comes into view.
The kobold throws a stone.
The stone hits you.
You see here a stone.
The ooze quivers.
The kobold hits you with a +0 mace!
* * * LOW HITPOINT WARNING * * *
The kobold hits you but does no damage.
The ooze jiggles.
The ooze jiggles.
Casting: Magic Dart (safe; 12% risk of failure)
Confirm with . or Enter, or press ? or * to list all spells.
You don't know that spell.
Found a club.
The hobgoblin hits you with a +0 club.
You die...

##### #...# #.8.#
#...# ##'###
.....#####
.....#...##########
..⌠..'.8.#.)....@.#
.....#...#.....g#.#
.÷...##########K#.#
##'### #.#.# #!.#.#
#J#.# .....# #.#.#
.#..## #.#.# ###.#
######.#.###. .#..#
#.((.........#


You could see an ooze, a hobgoblin and a kobold.

Vanquished Creatures
  A dart slug (D:1)
  3 bats (D:1)
  A giant cockroach (D:1)
  A hobgoblin (D:1)
  A kobold (D:1)
  A ball python (D:1)
8 creatures vanquished.

Notes
Turn   | Place    | Note
-------+----------+-------------------------------------------
     0 | D:1      | BlueFish the Mummy Wizard began the quest for the Orb.
     0 | D:1      | Reached XP level 1. HP: 13/13 MP: 5/5
   273 | D:1      | Reached XP level 2. HP: 20/20 MP: 1/7
   417 | D:1      | Slain by a hobgoblin

Levels and vault maps discovered:
D:1:      minmay_arrival_stair_chambers, layout_loops_ring,
          chequers_serial_rivers_micro_b, minmay_strange_pillars

Skill      XL: |  1 |
---------------+----+-----
Dodging        | 2 |  2.0
Fighting       | |  0.6
Stealth        | |  1.5
Spellcasting   | |  4.1
Conjurations   | |  0.7
Summonings     | |  0.7
Translocations | |  0.7

Action                   || total
-------------------------++-------
Melee: Unarmed           ||    11
 Cast: Magic Dart        ||    26
Armor: Robe              ||     4
Dodge: Dodged            ||    12

Table legend:
 A = Non-vault XP
 B = Vault XP
 C = Vault XP percentage of total XP
 D = Non-vault monster count
 E = Vault monster count
 F = Vault count percentage of total count
                 A         B        C        D         E       F
            +---------+---------+-------+---------+---------+-------
      Total |      15 |       0 |   0.0 |       8 |       0 |   0.0
            +---------+---------+-------+---------+---------+-------
        D:1 |      15 |       0 |   0.0 |       8 |       0 |   0.0
            +---------+---------+-------+---------+---------+-------
